 Dungeon Crawl Stone Soup version 0.17-a0-18-gc25b939 (webtiles) character file.

513 BluebellGnoll the Cleaver (level 7, -6/62 HPs)
             Began as a Deep Dwarf Berserker on Mar 10, 2015.
             Was a Priest of Trog.
             Mangled by an iguana (7 damage)
             ... on level 5 of the Dungeon.
             The game lasted 00:11:50 (3411 turns).

BluebellGnoll the Cleaver (Deep Dwarf Berserker)    Turns: 3411, Time: 00:11:51

Health: -6/62      AC:  7    Str: 23    XL:     7   Next: 0%
Magic:  7/7        EV: 12    Int:  7    God:    Trog [***...]
Gold:   144        SH:  0    Dex: 12    Spells: 0 memorised, 6 levels left

rFire  . . .     SeeInvis .     a - +0 hand axe
rCold  . . .     Clarity  .     g - +1 scale mail
rNeg   . . .     SustAb   .     (no shield)
rPois  .         Gourm    .     (no helmet)
rElec  .         Spirit   .     (no cloak)
rCorr  .         Warding  .     (no gloves)
rMut   .         Stasis   .     (no boots)
MR     +....                    (no amulet)
Stlth  ..........               (no ring)
                                q - +2 ring of evasion

@: non-regenerating, drained, somewhat resistant to hostile enchantments,
extremely unstealthy
A: damage resistance, recharge devices, sense surroundings 1, slow healing 3
a: Device Recharging, Burn Spellbooks, Berserk, Trog's Hand, Renounce Religion


You were on level 5 of the Dungeon.
You worshipped Trog.
Trog was most pleased with you.
You were not hungry.

You visited 1 branch of the dungeon, and saw 5 of its levels.

You collected 144 gold pieces.

Inventory:

Hand weapons
 a - a +0 hand axe (weapon)
 m - a +0 blowgun
Missiles
 e - 4 tomahawks
 f - 7 poisoned needles
 h - 8 curare-tipped needles
 k - 3 javelins (quivered)
Armour
 b - a +0 animal skin
 g - a +1 scale mail (worn)
Jewellery
 i - an uncursed ring of teleportation
 q - a +2 ring of evasion (left hand)
Magical devices
 c - a wand of heal wounds (5)
Scrolls
 n - a scroll of blinking
 o - a scroll of fear
Potions
 p - a potion of haste
 r - a potion of brilliance {unknown}
 s - a potion of magic {unknown}
 t - a potion of cancellation {unknown}
Comestibles
 d - 4 bread rations
 j - 3 fruits
 l - 3 meat rations
 u - a beef jerky


   Skills:
 + Level 3.3(3.2) Fighting
 - Level 8.0(7.9) Axes
 - Level 3.4(3.3) Armour
 - Level 2.1 Dodging


You had 6 spell levels left.
You didn't know any spells.

Dungeon Overview and Level Annotations

Branches:
Dungeon (5/15)
 Temple: D:4-7

Altars:
Dithmenos
Elyvilon
Gozag
Makhleb
Nemelex Xobeh
Trog
Vehumet
Xom


Innate Abilities, Weirdness & Mutations

You are resistant to damage.
You can recharge devices by infusing magical energy.
You passively map a small area around you.
You do not heal naturally.


Message History

The iguana bites you.
* * * LOW HITPOINT WARNING * * *
You hit the iguana.
The iguana is heavily wounded.
The iguana bites you!
* * * LOW HITPOINT WARNING * * *
You hit the iguana.
The iguana is severely wounded.
The iguana bites you.
* * * LOW HITPOINT WARNING * * *
You barely miss the iguana.
The iguana is severely wounded.
The iguana barely misses you.
You hit the iguana but do no damage.
The iguana is severely wounded.
The iguana bites you.
You barely miss the iguana.
The iguana is severely wounded.
The iguana bites you!
You die...

#.>...........# #..
##.............#*
#.#.*#...............#
##...##...........##...
##.................###..
............<.......##.#
.......................
** #...................
#l@.............###
#..!.............# **
##...........###.##
#..........### ##.# *
#........### #.# *
#.........# ### * * ,
#$..##....# ## * ,
....##....$* , .. **
..#......# *


You could see an iguana.

Vanquished Creatures
  A centaur (D:4)
  Blork the orc (D:4)
  3 hounds
  A worker ant (D:4)
  An iguana (D:5)
  2 orc wizards
  6 adders
  A shadow imp (D:5)
  2 giant mites
  3 worms (D:2)
  3 giant geckos
  8 orcs
  A ball python (D:2)
  A bat zombie (D:5)
  11 giant cockroaches
  8 goblins
  8 hobgoblins
  5 jackals
  5 kobolds
  2 quokkas
  12 bats
  A giant newt (D:1)
  5 rats
91 creatures vanquished.

Notes
Turn   | Place    | Note
--------------------------------------------------------------
     0 | D:1      | BluebellGnoll, the Deep Dwarf Berserker, began the quest for the Orb.
     0 | D:1      | Reached XP level 1. HP: 20/20 MP: 1/1
   145 | D:1      | Reached XP level 2. HP: 18/27 MP: 2/2
   172 | D:1      | Reached skill level 4 in Axes
   591 | D:2      | Acquired Trog's second power
   591 | D:2      | Reached XP level 3. HP: 13/33 MP: 3/3
   840 | D:2      | Found a shadowy altar of Dithmenos.
  1186 | D:2      | Found a burning altar of Makhleb.
  1205 | D:2      | Reached XP level 4. HP: 18/40 MP: 4/4
  1279 | D:2      | Reached skill level 5 in Axes
  1296 | D:2      | Found a sparkling altar of Nemelex Xobeh.
  1297 | D:2      | Found an opulent altar of Gozag.
  1515 | D:3      | Reached XP level 5. HP: 35/46 MP: 5/5
  1700 | D:3      | Found a radiant altar of Vehumet.
  1700 | D:3      | Found a shimmering altar of Xom.
  1728 | D:3      | Found a bloodstained altar of Trog.
  1732 | D:3      | Found a white marble altar of Elyvilon.
  1858 | D:3      | Reached skill level 6 in Axes
  2711 | D:4      | Noticed Blork the orc
  2730 | D:4      | Killed Blork the orc
  2730 | D:4      | Reached skill level 7 in Axes
  2730 | D:4      | Reached XP level 6. HP: 55/55 MP: 6/6
  2971 | D:4      | Found a shimmering altar of Xom.
  3031 | D:4      | Reached skill level 8 in Axes
  3186 | D:5      | Entered Level 5 of the Dungeon
  3387 | D:5      | Reached XP level 7. HP: 39/62 MP: 7/7
  3408 | D:5      | HP: 1/62 [iguana (3)]
  3411 | D:5      | Mangled by an iguana

Action                   |  1- 3 |  4- 6 |  7- 9 || total
-------------------------+-------+-------+-------++-------
Melee: Hand axe          |   152 |   277 |    16 ||   445
Throw: Javelin           |       |    10 |       ||    10
Invok: Trog's Hand       |     1 |     6 |       ||     7
       Berserk           |       |     2 |       ||     2
  Use: Scroll            |     3 |     4 |     1 ||     8
       Potion            |     1 |       |       ||     1
 Stab: Sleeping          |     1 |       |       ||     1
  Eat: Chunk             |     1 |     9 |       ||    10
       Pizza             |       |     1 |       ||     1
